[Event "39th Olympiad Khanty-Mansiysk 2010"]
[Site "Khanty-Mansiysk/Russia"]
[Date "2010.09.22"]
[Round "1"]
[White "Kreisl, Robert"]
[Black "Lopez Silva, Hugo"]
[Result "0-1"]
[WhiteElo "2376"]
[BlackElo "2413"]
[PlyCount "73"]
[EventDate "2010.??.??"]
[WhiteTeam "Austria"]
[BlackTeam "Chile"]
[WhiteTeamCountry "AUT"]
[BlackTeamCountry "CHI"]
[TimeControl "40/5400+30:1800+30"]

1. Nf3 Nf6 2. c4 c5 3. Nc3 g6 4. d4 Bg7 5. e4 d6 6. d5 e6 7. Be2 O-O 8. O-O
exd5 9. exd5 Bg4 10. h3 Bxf3 11. Bxf3 Na6 12. Bf4 Nc7 13. Qd2 Rb8 14. a4 a6 15.
Rab1 Nce8 16. Rfe1 Nd7 17. Ne4 Ndf6 18. b4 Nxe4 19. Rxe4 Nf6 20. Ree1 b6 21.
bxc5 bxc5 22. Rxb8 Qxb8 23. Qa5 Nd7 24. Qxa6 Ne5 25. Be2 Qb4 26. Kf1 Re8 27.
Be3 f5 28. Rd1 Nf7 29. Bd2 Qb3 30. Qb5 Rb8 31. Qxb3 Rxb3 32. a5 Bd4 33. Rc1 Rb2
34. Be1 f4 35. Bd1 Ne5 36. Ba4 Nd3 37. Rc2 0-1

[Event "39th Olympiad Khanty-Mansiysk 2010"]
[Site "Khanty-Mansiysk/Russia"]
[Date "2010.09.22"]
[Round "1"]
[White "Galojan, Lilit"]
[Black "Sikorova, Olga"]
[Result "0-1"]
[WhiteElo "2373"]
[BlackElo "2290"]
[PlyCount "128"]
[EventDate "2010.??.??"]
[WhiteTeam "Armenia"]
[BlackTeam "Czech Republic"]
[WhiteTeamCountry "ARM"]
[BlackTeamCountry "CZE"]
[TimeControl "40/5400+30:1800+30"]

1. c4 g6 2. Nc3 c5 3. Nf3 Bg7 4. g3 Nc6 5. Bg2 d6 6. O-O h5 7. d3 Nh6 8. Rb1
Bd7 9. Bd2 Rb8 10. a3 a5 11. Nb5 Nf5 12. e3 h4 13. Qe1 b6 14. Bc3 Ne5 15. Nxe5
dxe5 16. Qe2 Nd6 17. Nxd6+ exd6 18. d4 Qe7 19. dxc5 dxc5 20. Rbd1 O-O 21. Be4
Rbd8 22. Rd2 hxg3 23. hxg3 Be6 24. Bd5 Bh3 25. Rc1 e4 26. f3 Bxc3 27. Rxc3 exf3
28. Qxf3 Kg7 29. Rh2 Be6 30. e4 Rh8 31. Rcc2 f6 32. Rce2 Bc8 33. Qc3 Rxh2 34.
Rxh2 Rh8 35. Rxh8 Kxh8 36. Kf2 Kg7 37. Qb3 Qd6 38. Qc3 Bg4 39. Kg2 Bc8 40. Qb3
Bd7 41. Qc3 Bc8 42. Qb3 Bd7 43. Qc3 Ba4 44. Kg1 Bd1 45. Kf2 Bg4 46. Ke1 Qb8 47.
Qe3 Qe5 48. Qf2 f5 49. Qe3 fxe4 50. Qxe4 Qxg3+ 51. Kd2 Qf2+ 52. Kc3 Qg3+ 53.
Kd2 Bf5 54. Qe7+ Kh6 55. Qf8+ Kh5 56. Qh8+ Kg4 57. Qf6 Qd3+ 58. Ke1 Qe3+ 59.
Kd1 Kg3 60. Qd6+ Qf4 61. Qxb6 Qd4+ 62. Ke1 Qe3+ 63. Kd1 Kf2 64. Be4 Bxe4 0-1

[Event "39th Olympiad Khanty-Mansiysk 2010"]
[Site "Khanty-Mansiysk/Russia"]
[Date "2010.09.22"]
[Round "1"]
[White "Burns-Mannion, Stephen R"]
[Black "Moiseenko, Alexander"]
[Result "0-1"]
[WhiteElo "2372"]
[BlackElo "2658"]
[PlyCount "108"]
[EventDate "2010.??.??"]
[WhiteTeam "Scotland"]
[BlackTeam "Ukraine"]
[WhiteTeamCountry "SCO"]
[BlackTeamCountry "UKR"]
[TimeControl "40/5400+30:1800+30"]

1. e4 c5 2. Nf3 Nc6 3. Bb5 d6 4. O-O Bd7 5. c3 Nf6 6. Re1 a6 7. Ba4 b5 8. Bc2
Bg4 9. a4 g6 10. h3 Bxf3 11. Qxf3 Rb8 12. axb5 axb5 13. d3 Bg7 14. Nd2 O-O 15.
Nf1 b4 16. Ba4 Nd7 17. Bd2 Qc7 18. Ne3 e6 19. Rac1 bxc3 20. bxc3 Rb2 21. Rc2
Rb7 22. Qg3 Ra8 23. Bxc6 Qxc6 24. h4 Ne5 25. Ng4 Qa4 26. Rcc1 Nxg4 27. Qxg4 Rb2
28. Bf4 Qc6 29. h5 Raa2 30. Be3 d5 31. hxg6 hxg6 32. exd5 Qxd5 33. Qe4 Qh5 34.
d4 c4 35. Qc6 Bh6 36. Bxh6 Qxh6 37. Qf3 Rxf2 38. Qxf2 Rxf2 39. Kxf2 Qd2+ 40.
Kf1 g5 41. Red1 Qf4+ 42. Ke2 Qg3 43. Kf1 Qh2 44. Kf2 g4 45. Rc2 Qf4+ 46. Ke1
Qe3+ 47. Kf1 g3 48. Rdd2 f5 49. Re2 Qh6 50. Ke1 f4 51. d5 f3 52. gxf3 Qh1+ 53.
Kd2 g2 54. Rc1 Qxc1+ 0-1

[Event "39th Olympiad Khanty-Mansiysk 2010"]
[Site "Khanty-Mansiysk/Russia"]
[Date "2010.09.22"]
[Round "1"]
[White "Sukandar, Irine Kharisma"]
[Black "Harika, Dronavalli"]
[Result "0-1"]
[WhiteElo "2372"]
[BlackElo "2515"]
[PlyCount "146"]
[EventDate "2010.??.??"]
[WhiteTeam "Indonesia"]
[BlackTeam "India"]
[WhiteTeamCountry "INA"]
[BlackTeamCountry "IND"]
[TimeControl "40/5400+30:1800+30"]

1. e4 c5 2. Nf3 d6 3. d4 cxd4 4. Nxd4 Nf6 5. Nc3 g6 6. Be2 Bg7 7. O-O O-O 8.
Be3 Nc6 9. Nb3 Be6 10. f4 Rc8 11. Bf3 a6 12. Re1 b5 13. Nd5 Nd7 14. c3 a5 15.
Rc1 Re8 16. Qe2 a4 17. Na1 a3 18. bxa3 Qa5 19. Qb2 Qa4 20. Nb3 Bxd5 21. exd5
Na5 22. Nxa5 Qxa5 23. Qb4 Ra8 24. Be2 Reb8 25. Qxa5 Rxa5 26. Rb1 Bxc3 27. Rec1
Rxa3 28. Bxb5 Nf6 29. Bc4 Rxb1 30. Rxb1 Ra4 31. Rb8+ Kg7 32. Rc8 Rb4 33. Bb3
Bd4 34. Bxd4 Rxd4 35. Rc7 Kf8 36. Rc8+ Kg7 37. Rc7 Re4 38. g3 Re3 39. Rb7 Ng4
40. a4 h5 41. a5 Re1+ 42. Kg2 Ra1 43. Rxe7 Rxa5 44. h3 Nf6 45. Rb7 Rc5 46. Rb6
Rc3 47. Rb4 Rd3 48. Rb6 Ne4 49. Bc2 Rd2+ 50. Kf3 Nc5 51. Bb1 Rxd5 52. Ke3 Rd1
53. Ke2 Rh1 54. Kf2 Rc1 55. Ke3 Rc3+ 56. Kf2 d5 57. f5 gxf5 58. Bxf5 Ne4+ 59.
Bxe4 dxe4 60. h4 Rf3+ 61. Kg2 Rf5 62. Rb4 Re5 63. Kf2 Kg6 64. Ke3 Kf5 65. Rb3
Kg4 66. Rb7 Kxg3 67. Rxf7 Kxh4 68. Rg7 Rg5 69. Rh7 Kg3 70. Kxe4 h4 71. Ra7 Rg4+
72. Ke3 h3 73. Rf7 h2 0-1

[Event "39th Olympiad Khanty-Mansiysk 2010"]
[Site "Khanty-Mansiysk/Russia"]
[Date "2010.09.22"]
[Round "1"]
[White "Fernandez, Daniel Howard"]
[Black "Gagunashvili, Merab"]
[Result "0-1"]
[WhiteElo "2371"]
[BlackElo "2598"]
[PlyCount "118"]
[EventDate "2010.??.??"]
[WhiteTeam "Singapore"]
[BlackTeam "Georgia"]
[WhiteTeamCountry "SIN"]
[BlackTeamCountry "GEO"]
[TimeControl "40/5400+30:1800+30"]

1. e4 d6 2. f4 g6 3. Nf3 Bg7 4. Nc3 Nf6 5. g3 c5 6. Bg2 Bg4 7. d4 cxd4 8. Qxd4
Nc6 9. Qf2 O-O 10. O-O Rc8 11. Be3 b5 12. a3 a5 13. Nd4 Nxd4 14. Bxd4 Be6 15.
Qd2 Qd7 16. Nd1 Rc4 17. c3 Bh3 18. Ne3 Bxg2 19. Qxg2 Rcc8 20. e5 dxe5 21. fxe5
Ng4 22. Qd5 Qxd5 23. Nxd5 Rfe8 24. Rae1 e6 25. Nf6+ Bxf6 26. exf6 e5 27. Bb6 a4
28. h3 Rc6 29. hxg4 Rxb6 30. Re4 h6 31. Rfe1 Rxf6 32. Rxe5 Rfe6 33. Rxe6 Rxe6
34. Rc1 Re4 35. Kg2 Rxg4 36. Rd1 Rg5 37. Kf3 h5 38. Rd4 Rc5 39. Rb4 Kg7 40. c4
bxc4 41. Rxa4 c3 42. bxc3 Rxc3+ 43. Kg2 Rc2+ 44. Kf3 Rc3+ 45. Kg2 f6 46. Ra7+
Kh6 47. Ra6 Kg5 48. Ra5+ f5 49. Ra6 Rc2+ 50. Kf3 Rc4 51. a4 h4 52. gxh4+ Rxh4
53. Ke3 Rh3+ 54. Kd4 Ra3 55. Kc4 f4 56. Kb4 Ra1 57. Ra8 f3 58. Rf8 Kg4 59. a5
g5 0-1

[Event "39th Olympiad Khanty-Mansiysk 2010"]
[Site "Khanty-Mansiysk/Russia"]
[Date "2010.09.22"]
[Round "1"]
[White "Kobese, Watu"]
[Black "Lopez, Jasel"]
[Result "1-0"]
[WhiteElo "2370"]
[BlackElo "2101"]
[PlyCount "107"]
[EventDate "2010.??.??"]
[WhiteTeam "South Africa"]
[BlackTeam "ARU"]
[WhiteTeamCountry "RSA"]
[TimeControl "40/5400+30:1800+30"]

1. e4 c5 2. Nf3 d6 3. d4 cxd4 4. Nxd4 Nf6 5. Nc3 e6 6. Bc4 Be7 7. Bb3 Nbd7 8.
Bxe6 fxe6 9. Nxe6 Qa5 10. Nxg7+ Kf7 11. Nf5 Ne5 12. Ng3 Rg8 13. O-O Be6 14. a4
a6 15. Rb1 Rac8 16. Bd2 Qd8 17. b3 h5 18. f4 Qb6+ 19. Kh1 Neg4 20. Qf3 h4 21.
Nge2 Nh5 22. f5 Bd7 23. Nd5 Qc5 24. c4 Bf6 25. h3 Be5 26. hxg4 Ng3+ 27. Nxg3
hxg3 28. Bh6 Rg5 29. b4 Qa7 30. c5 Rh8 31. Nf4 Rxh6+ 32. Nh3 Qb8 33. Qb3+ Kf6
34. Qe3 Qg8 35. Kg1 Rh4 36. c6 Rgxg4 37. cxd7 Qd8 38. Rfd1 Qxd7 39. Qb3 Rxe4
40. Qg8 Reg4 41. Qf8+ Qf7 42. Rxd6+ Bxd6 43. Qxd6+ Kg7 44. Re1 Rd4 45. Qxg3+
Rhg4 46. Qe5+ Qf6 47. Qe8 Qf8 48. f6+ Qxf6 49. Re7+ Kh6 50. Re6 Rd1+ 51. Kh2
Rxg2+ 52. Kxg2 Rd2+ 53. Kh1 Rd1+ 54. Ng1 1-0

[Event "39th Olympiad Khanty-Mansiysk 2010"]
[Site "Khanty-Mansiysk/Russia"]
[Date "2010.09.22"]
[Round "1"]
[White "Cori, T  Deysi"]
[Black "Sedina, Elena"]
[Result "1-0"]
[WhiteElo "2368"]
[BlackElo "2342"]
[PlyCount "85"]
[EventDate "2010.??.??"]
[WhiteTeam "Peru"]
[BlackTeam "Italy"]
[WhiteTeamCountry "PER"]
[BlackTeamCountry "ITA"]
[TimeControl "40/5400+30:1800+30"]

1. d4 d5 2. Nf3 Nf6 3. c4 c6 4. Nc3 dxc4 5. a4 a5 6. e4 Bg4 7. Bxc4 e6 8. O-O
Bb4 9. e5 Nd5 10. Ne4 Nd7 11. h3 Bh5 12. Ng3 Bg6 13. Qe2 Be7 14. Nd2 N7b6 15.
Bb3 Nf4 16. Qe3 Nbd5 17. Qf3 Nd3 18. Nde4 Nxc1 19. Raxc1 O-O 20. Kh2 Qb6 21.
Rfd1 f6 22. exf6 Bxf6 23. Bxd5 exd5 24. Nxf6+ Rxf6 25. Qe2 Raf8 26. f3 Qb4 27.
Qd2 Qd6 28. Re1 Qf4 29. Qxf4 Rxf4 30. Re7 Rxd4 31. Rxb7 Rf6 32. Re1 h6 33. Ree7
Rf7 34. Nf5 Rb4 35. Rxf7 Bxf7 36. Ne7+ Kf8 37. Rxb4 axb4 38. a5 d4 39. a6 d3
40. a7 d2 41. a8=Q+ Kxe7 42. Qa7+ Ke8 43. Qe3+ 1-0

[Event "39th Olympiad Khanty-Mansiysk 2010"]
[Site "Khanty-Mansiysk/Russia"]
[Date "2010.09.22"]
[Round "1"]
[White "Fierro, Baquero Martha"]
[Black "Voiska, Margarita"]
[Result "0-1"]
[WhiteElo "2368"]
[BlackElo "2314"]
[PlyCount "72"]
[EventDate "2010.??.??"]
[WhiteTeam "Ecuador"]
[BlackTeam "Bulgaria"]
[WhiteTeamCountry "ECU"]
[BlackTeamCountry "BUL"]
[TimeControl "40/5400+30:1800+30"]

1. e4 c5 2. Nf3 Nc6 3. Bb5 Nf6 4. Nc3 Qc7 5. O-O a6 6. Bxc6 dxc6 7. a4 e5 8. a5
Bg4 9. d3 Bd6 10. Be3 Nd7 11. h3 Bh5 12. Na4 Qxa5 13. b4 Qc7 14. bxc5 Be7 15.
Qe2 O-O 16. g4 Bg6 17. Nd2 Rfe8 18. Nc4 Nf8 19. f4 exf4 20. Bxf4 Qd8 21. Qh2
Bxe4 22. dxe4 Qd4+ 23. Qf2 Qxc4 24. Nb6 Qc3 25. Bd6 Bxd6 26. cxd6 Qxh3 27. Nxa8
Qxg4+ 28. Qg2 Qxg2+ 29. Kxg2 Rxa8 30. Rfb1 Ra7 31. Kf3 f6 32. Kf4 Kf7 33. e5
Ng6+ 34. Ke4 Nxe5 35. Rh1 h6 36. Kd4 Ke6 0-1

[Event "39th Olympiad Khanty-Mansiysk 2010"]
[Site "Khanty-Mansiysk/Russia"]
[Date "2010.09.22"]
[Round "1"]
[White "Bojkovic, Natasa"]
[Black "Hernandez Guerrero, Yadir"]
[Result "1-0"]
[WhiteElo "2368"]
[BlackElo "2160"]
[PlyCount "177"]
[EventDate "2010.??.??"]
[WhiteTeam "SRB"]
[BlackTeam "Mexico"]
[BlackTeamCountry "MEX"]
[TimeControl "40/5400+30:1800+30"]

1. e4 e6 2. d4 d5 3. Nd2 c5 4. exd5 exd5 5. Ngf3 Nc6 6. Bb5 Bd6 7. dxc5 Bxc5 8.
O-O Nge7 9. Nb3 Bd6 10. c3 O-O 11. Bd3 h6 12. h3 Qc7 13. Nbd4 a6 14. Bc2 Rd8
15. Re1 Bd7 16. Qd3 Ng6 17. Nf5 Re8 18. Rxe8+ Rxe8 19. Nxd6 Qxd6 20. Be3 Nce5
21. Nxe5 Rxe5 22. Qd4 Qf6 23. f4 Re8 24. Qxf6 gxf6 25. Kf2 Kg7 26. Rd1 Bc6 27.
g3 Ne7 28. Bd4 Ng6 29. Kf3 Nf8 30. a4 Ne6 31. Bb3 h5 32. g4 hxg4+ 33. hxg4
Nxd4+ 34. Rxd4 Rd8 35. Kf2 Rd7 36. a5 Kf8 37. Bd1 Ke7 38. Bf3 Ke6 39. Ke3 Re7
40. Kf2 Re8 41. Rd1 Rh8 42. Kg3 Rg8 43. Kf2 Rh8 44. Rd4 Re8 45. Bg2 Rg8 46. Rd2
Ke7 47. Bxd5 Bxd5 48. Rxd5 Rxg4 49. Rd4 Ke6 50. Kf3 Rg1 51. Rb4 Ra1 52. Rb6+
Kf5 53. Rxb7 Rxa5 54. Rxf7 Rb5 55. Ra7 Rb6 56. Ra8 Rc6 57. Rh8 Rc4 58. Rh5+ Ke6
59. Ra5 Rc6 60. Ke4 Rc4+ 61. Ke3 Rc6 62. Kd4 Rb6 63. b4 Kd6 64. Rd5+ Kc6 65.
Rc5+ Kd6 66. Ke4 Ke6 67. Rd5 Rc6 68. f5+ Ke7 69. Kd4 Rc8 70. c4 Rc6 71. c5 Rc8
72. Rd6 Ra8 73. Rb6 a5 74. bxa5 Rxa5 75. Rb7+ Kd8 76. Rf7 Ra1 77. Rxf6 Rd1+ 78.
Ke5 Ke7 79. Re6+ Kf7 80. c6 Re1+ 81. Kd6 Rd1+ 82. Kc5 Rc1+ 83. Kb6 Rb1+ 84. Ka7
Ra1+ 85. Kb8 Rb1+ 86. Kc8 Rb5 87. Kd7 Rd5+ 88. Rd6 Rxf5 89. c7 1-0

[Event "39th Olympiad Khanty-Mansiysk 2010"]
[Site "Khanty-Mansiysk/Russia"]
[Date "2010.09.22"]
[Round "1"]
[White "Rudolf, Anna"]
[Black "Fakhiridou, Ekaterini"]
[Result "1-0"]
[WhiteElo "2366"]
[BlackElo "2208"]
[PlyCount "55"]
[EventDate "2010.??.??"]
[WhiteTeam "Hungary"]
[BlackTeam "Greece"]
[WhiteTeamCountry "HUN"]
[BlackTeamCountry "GRE"]
[TimeControl "40/5400+30:1800+30"]

1. e4 c5 2. Nf3 e6 3. d4 cxd4 4. Nxd4 Nc6 5. Nc3 Qc7 6. Be2 a6 7. O-O Nf6 8.
Be3 d6 9. f4 Bd7 10. Qe1 b5 11. a3 Be7 12. Qg3 O-O 13. Kh1 d5 14. exd5 Nxd5 15.
Nxd5 exd5 16. Bf3 Bf6 17. Rad1 Nxd4 18. Bxd4 Bxd4 19. Rxd4 Qxc2 20. Rxd5 Ra7
21. f5 Qxb2 22. Re5 Kh8 23. Be4 Qd4 24. f6 g6 25. Qf4 Qc4 26. Rc1 Qd4 27. Qh6
Rg8 28. Qxh7+ 1-0

[Event "39th Olympiad Khanty-Mansiysk 2010"]
[Site "Khanty-Mansiysk/Russia"]
[Date "2010.09.22"]
[Round "1"]
[White "Juarez, Flores Carlos A"]
[Black "Matoewi, Roger"]
[Result "1/2-1/2"]
[WhiteElo "2366"]
[BlackElo "2151"]
[PlyCount "128"]
[EventDate "2010.??.??"]
[WhiteTeam "Guatemala"]
[BlackTeam "Surinam"]
[WhiteTeamCountry "GUA"]
[BlackTeamCountry "SUR"]
[TimeControl "40/5400+30:1800+30"]

1. e4 c5 2. Nf3 d6 3. d4 cxd4 4. Nxd4 Nf6 5. f3 g6 6. c4 Bg7 7. Nc3 Nc6 8. Be3
O-O 9. Qd2 Nxd4 10. Bxd4 Be6 11. Be2 Qc8 12. Rc1 Re8 13. O-O Nd7 14. b4 Bxd4+
15. Qxd4 a5 16. a3 axb4 17. axb4 Qc6 18. Nd5 Ra2 19. Bd3 Ra3 20. Ra1 Rxa1 21.
Rxa1 Bxd5 22. exd5 Qb6 23. Qxb6 Nxb6 24. Ra7 Rb8 25. Kf2 Kg7 26. Ke3 Kf6 27.
Kd4 e5+ 28. Kc3 Kg5 29. g3 f5 30. Kb3 Kf6 31. Ra5 Ke7 32. Rb5 Nd7 33. c5 b6 34.
cxb6 Rxb6 35. Ka4 Kd8 36. Ra5 Rb7 37. Bb5 Nb6+ 38. Kb3 Nc8 39. Ba6 Ra7 40. Ra2
Nb6 41. Rc2 Rc7 42. Rd2 h6 43. Bb5 Ke7 44. Bc6 Ra7 45. Rd1 Kf6 46. Rc1 g5 47.
Bb5 Ke7 48. Rd1 Kf6 49. Bc6 e4 50. f4 gxf4 51. gxf4 e3 52. Re1 Re7 53. Kc3 Re4
54. Kd3 Rxb4 55. Rxe3 Rb3+ 56. Kd4 Rxe3 57. Kxe3 Nc8 58. Kd4 Ne7 59. Be8 Kg7
60. Kc4 Kf8 61. Bh5 Kg7 62. Be8 Kf8 63. Bh5 Kg7 64. Be8 Ng8 1/2-1/2

[Event "39th Olympiad Khanty-Mansiysk 2010"]
[Site "Khanty-Mansiysk/Russia"]
[Date "2010.09.22"]
[Round "1"]
[White "Al-Ali, Hussein Ali Husse"]
[Black "Chipanga, Chiletso"]
[Result "1-0"]
[WhiteElo "2364"]
[BlackElo "2138"]
[PlyCount "129"]
[EventDate "2010.??.??"]
[WhiteTeam "Iraq"]
[BlackTeam "MAW"]
[WhiteTeamCountry "IRQ"]
[TimeControl "40/5400+30:1800+30"]

1. Nf3 Nf6 2. d3 c5 3. c4 d5 4. cxd5 Nxd5 5. Nc3 Nc6 6. e4 Nb6 7. Be3 e5 8. Be2
Be7 9. O-O O-O 10. Rc1 Bg4 11. Na4 Bxf3 12. Bxf3 Nxa4 13. Qxa4 Qb6 14. a3 a5
15. b3 Rac8 16. Bg4 Rcd8 17. Qc4 Nd4 18. Bd1 g5 19. Qc3 Kh8 20. a4 Rg8 21. Bg4
h5 22. Bxh5 Rg7 23. Bg4 Rh7 24. Bxd4 exd4 25. Qc4 Bd6 26. h3 Qc7 27. Rfe1 b6
28. Rc2 Qe7 29. Rce2 Qe5 30. g3 Bc7 31. Kg2 Rd6 32. Rf1 Rf6 33. Rg1 Kg7 34. Kf1
Rh8 35. Qc1 b5 36. axb5 Rb8 37. Qc4 Rfb6 38. Bd7 Rd8 39. Bc6 Rh8 40. Rc2 Bd6
41. Kg2 f6 42. Qd5 Rhb8 43. Qxe5 fxe5 44. Ra1 Rxb5 45. Bxb5 Rxb5 46. Ra3 Be7
47. Rc4 Kg6 48. Kf3 Kh5 49. Ke2 Bd6 50. Kd1 Be7 51. Kc2 Rb8 52. Ra2 Rf8 53. Kd1
Ra8 54. Rca4 Bd8 55. b4 cxb4 56. Rxb4 Kg6 57. Rb5 Kf6 58. Ra4 Ke6 59. f4 gxf4
60. gxf4 exf4 61. Rxd4 a4 62. Rbb4 Bf6 63. Rxa4 Rh8 64. Ra6+ Ke7 65. Rb4 1-0

[Event "39th Olympiad Khanty-Mansiysk 2010"]
[Site "Khanty-Mansiysk/Russia"]
[Date "2010.09.22"]
[Round "1"]
[White "Abu Sufian, Shakil"]
[Black "Jere, Daniel"]
[Result "0-1"]
[WhiteElo "2361"]
[BlackElo "2267"]
[PlyCount "92"]
[EventDate "2010.??.??"]
[WhiteTeam "Bangladesh"]
[BlackTeam "Zambia"]
[WhiteTeamCountry "BAN"]
[BlackTeamCountry "ZAM"]
[TimeControl "40/5400+30:1800+30"]

1. e4 e6 2. d4 d5 3. e5 c5 4. c3 Nc6 5. Nf3 Qb6 6. a3 Nh6 7. b4 cxd4 8. cxd4
Nf5 9. Bb2 Be7 10. Bd3 a5 11. Bxf5 exf5 12. Nc3 Be6 13. b5 a4 14. O-O Na5 15.
Qxa4 O-O 16. Rfb1 Rfc8 17. Qd1 Nc4 18. Qb3 g5 19. Rd1 g4 20. Ne1 Qa5 21. Ne2
Qa4 22. Qxa4 Rxa4 23. Bc1 Ra5 24. Rb1 Bxa3 25. Bxa3 Nxa3 26. Rb3 Nxb5 27. f3
Rc4 28. Kf2 Bd7 29. Rdb1 Bc6 30. Ke3 Kg7 31. Nd3 Na3 32. Rg1 Nc2+ 33. Kf4 Nxd4
34. Nxd4 Rxd4+ 35. Kxf5 Bd7+ 36. e6 Bxe6+ 37. Ke5 Rc4 38. Rxb7 d4+ 39. Kf4 Rc3
40. Ne5 d3 41. Nxg4 d2 42. Rd1 Ra4+ 43. Ke5 Rc5+ 44. Kd6 Rd5+ 45. Kc6 Rc4+ 46.
Kb6 Bxg4 0-1

[Event "39th Olympiad Khanty-Mansiysk 2010"]
[Site "Khanty-Mansiysk/Russia"]
[Date "2010.09.22"]
[Round "1"]
[White "Cosma, Elena-Luminita"]
[Black "Perena, Catherine"]
[Result "1-0"]
[WhiteElo "2360"]
[BlackElo "2103"]
[PlyCount "63"]
[EventDate "2010.??.??"]
[WhiteTeam "ROU"]
[BlackTeam "Philippines"]
[BlackTeamCountry "PHI"]
[TimeControl "40/5400+30:1800+30"]

1. d4 d5 2. c4 c6 3. Nf3 Nf6 4. Nbd2 Bf5 5. g3 Nbd7 6. Bg2 e6 7. Nh4 Bg4 8. h3
Bh5 9. g4 Bg6 10. Nxg6 hxg6 11. e3 Bd6 12. Qb3 Rb8 13. g5 Ng8 14. h4 Ne7 15. e4
dxe4 16. Nxe4 Bc7 17. Be3 Nf5 18. O-O-O Qe7 19. Kb1 Nb6 20. d5 Nxc4 21. Bc5
Ncd6 22. dxe6 Rd8 23. exf7+ Kf8 24. Rhe1 Qxf7 25. Qa3 Qd7 26. Bh3 Kg8 27. Bxd6
Bb6 28. Qb3+ Kh7 29. h5 Rhe8 30. hxg6+ Kxg6 31. Ng3 Rxe1 32. Rxe1 1-0

[Event "39th Olympiad Khanty-Mansiysk 2010"]
[Site "Khanty-Mansiysk/Russia"]
[Date "2010.09.22"]
[Round "1"]
[White "Heidenfeld, Mark"]
[Black "Marko, Helmut"]
[Result "1-0"]
[WhiteElo "2360"]
[BlackElo "2071"]
[PlyCount "121"]
[EventDate "2010.??.??"]
[WhiteTeam "Ireland"]
[BlackTeam "Papua New Guinea"]
[WhiteTeamCountry "IRL"]
[BlackTeamCountry "PNG"]
[TimeControl "40/5400+30:1800+30"]

1. e4 c6 2. d4 d5 3. e5 Bf5 4. Nf3 e6 5. Be3 Nd7 6. Nbd2 c5 7. dxc5 Bxc5 8. Nd4
Bxd4 9. Bxd4 Ne7 10. f4 O-O 11. Nf3 Nc6 12. Bd3 Bxd3 13. Qxd3 Nxd4 14. Nxd4 a6
15. O-O g6 16. Rad1 Rc8 17. Qe2 Qe7 18. Rf3 Nc5 19. c4 dxc4 20. Qxc4 Rfd8 21.
Rc3 b5 22. Qe2 Qb7 23. Rcc1 Rd5 24. Nf3 Rcd8 25. h3 Qd7 26. Rxd5 Qxd5 27. Rc2
Ne4 28. Kh2 h5 29. Qe3 Qb7 30. Nd4 h4 31. Nc6 Ng3 32. Nxd8 Nf1+ 33. Kg1 Nxe3
34. Nxb7 Nxc2 35. Nc5 Nb4 36. Kf2 a5 37. a3 Nd5 38. Kf3 b4 39. axb4 axb4 40.
Nd3 b3 41. Nc1 Nb6 42. Kg4 Nc4 43. Nd3 Ne3+ 44. Kxh4 Kg7 45. Kg3 f6 46. Kf3 Nc4
47. Ke4 fxe5 48. fxe5 Kf7 49. Kd4 Nb6 50. Kc3 g5 51. Kxb3 Kg6 52. g4 Nd5 53.
Kc4 Kf7 54. Kd4 Ke7 55. Kc5 Kd7 56. b4 Nc3 57. Kc4 Nd5 58. Nc5+ Ke7 59. Ne4 Nf4
60. Nxg5 Ng6 61. Nf3 1-0

[Event "39th Olympiad Khanty-Mansiysk 2010"]
[Site "Khanty-Mansiysk/Russia"]
[Date "2010.09.22"]
[Round "1"]
[White "Ordaz Valdes, Lisandra Te"]
[Black "Hoang, Thi Bao Tram"]
[Result "1-0"]
[WhiteElo "2359"]
[BlackElo "2285"]
[PlyCount "49"]
[EventDate "2010.??.??"]
[WhiteTeam "Cuba"]
[BlackTeam "Vietnam"]
[WhiteTeamCountry "CUB"]
[BlackTeamCountry "VIE"]
[TimeControl "40/5400+30:1800+30"]

1. d4 d5 2. c4 c6 3. e3 Nf6 4. Nc3 e6 5. Nf3 Nbd7 6. Qc2 Bd6 7. Be2 dxc4 8.
Bxc4 O-O 9. O-O e5 10. h3 Qe7 11. Bb3 b6 12. Rd1 Bb7 13. dxe5 Nxe5 14. Nd4 Bc7
15. Nf5 Qc5 16. e4 Ng6 17. Be3 Qe5 18. g3 c5 19. f4 Qe8 20. e5 Bc8 21. Bf2 Nxe5
22. fxe5 Qxe5 23. Nd5 Bd8 24. g4 Bb7 25. Re1 1-0

[Event "39th Olympiad Khanty-Mansiysk 2010"]
[Site "Khanty-Mansiysk/Russia"]
[Date "2010.09.22"]
[Round "1"]
[White "Rogule, Laura"]
[Black "Milliet, Sophie"]
[Result "1-0"]
[WhiteElo "2354"]
[BlackElo "2388"]
[PlyCount "125"]
[EventDate "2010.??.??"]
[WhiteTeam "Latvia"]
[BlackTeam "France"]
[WhiteTeamCountry "LAT"]
[BlackTeamCountry "FRA"]
[TimeControl "40/5400+30:1800+30"]

1. Nf3 Nf6 2. g3 d5 3. Bg2 c6 4. d3 Bg4 5. O-O Nbd7 6. h3 Bh5 7. Nbd2 e5 8. e4
dxe4 9. dxe4 Bc5 10. Qe1 O-O 11. Nc4 Re8 12. a4 a5 13. Bd2 b6 14. Bc3 Qc7 15.
Nh4 Rad8 16. Kh1 Ra8 17. b3 Qd8 18. Nf5 Re6 19. f4 exf4 20. gxf4 Qf8 21. Qg3
Be2 22. Rfe1 Bxc4 23. bxc4 Bb4 24. Bxb4 axb4 25. e5 Ne8 26. Nd4 Rg6 27. Qf3 Qc5
28. Nxc6 Rc8 29. Na7 Rc7 30. Nb5 Rc8 31. Rad1 Nf8 32. f5 Rh6 33. Re4 Qe7 34.
Qg4 Rd8 35. Rd5 Ra8 36. f6 Qe6 37. fxg7 Nxg7 38. Rd6 Qxg4 39. Rxg4 Rxd6 40.
exd6 Rxa4 41. Nd4 Ra1+ 42. Kh2 h5 43. Rg3 Kh7 44. Be4+ Kh6 45. Rf3 Ra7 46. Nc6
Ra2 47. Nxb4 Ra4 48. Rf6+ Kg5 49. Rxf7 Nge6 50. c3 Ra1 51. d7 Rd1 52. Bd5 Rd2+
53. Kg1 Nxd7 54. Bxe6 Nc5 55. Bd5 Kh4 56. Bg2 Na4 57. Nd5 Rd3 58. Rf4+ Kg3 59.
Rd4 Nb2 60. Rxd3+ Nxd3 61. Nxb6 Ne1 62. Be4 Kf4 63. Kf2 1-0

[Event "39th Olympiad Khanty-Mansiysk 2010"]
[Site "Khanty-Mansiysk/Russia"]
[Date "2010.09.22"]
[Round "1"]
[White "Levushkina, Elena"]
[Black "Moreno, Garcia Elizabeth"]
[Result "1-0"]
[WhiteElo "2346"]
[BlackElo "2024"]
[PlyCount "77"]
[EventDate "2010.??.??"]
[WhiteTeam "Germany"]
[BlackTeam "Venezuela"]
[WhiteTeamCountry "GER"]
[BlackTeamCountry "VEN"]
[TimeControl "40/5400+30:1800+30"]

1. e4 e5 2. d4 exd4 3. Nf3 Nc6 4. Nxd4 Bc5 5. Nxc6 bxc6 6. Bd3 d5 7. O-O Nf6 8.
exd5 cxd5 9. Re1+ Be6 10. Bb5+ Ke7 11. Nc3 Qd6 12. Qf3 c6 13. Ba4 h6 14. Bf4
Qd7 15. Rad1 Kf8 16. h3 Nh7 17. Qe2 Ng5 18. h4 Bg4 19. Qa6 Bxd1 20. Rxd1 Qg4
21. Qxc6 Rc8 22. Qd7 Qxd7 23. Bxd7 Ne6 24. Bxc8 Nxf4 25. Nxd5 Nxd5 26. Rxd5 Bb6
27. Bg4 Ke7 28. Rd7+ Kf6 29. Kf1 Rd8 30. Rxd8 Bxd8 31. Ke2 Ke5 32. h5 g5 33.
Bf3 f5 34. Bc6 Kf4 35. g3+ Ke5 36. Bd7 f4 37. g4 Kd4 38. c3+ Kd5 39. Kd3 1-0

[Event "39th Olympiad Khanty-Mansiysk 2010"]
[Site "Khanty-Mansiysk/Russia"]
[Date "2010.09.22"]
[Round "1"]
[White "L'Ami, Alina"]
[Black "Jose, Rulp Ylem"]
[Result "1-0"]
[WhiteElo "2339"]
[BlackElo "2039"]
[PlyCount "93"]
[EventDate "2010.??.??"]
[WhiteTeam "ROU"]
[BlackTeam "Philippines"]
[BlackTeamCountry "PHI"]
[TimeControl "40/5400+30:1800+30"]

1. d4 d5 2. c4 c6 3. Nf3 Nf6 4. Nc3 dxc4 5. a4 Bf5 6. e3 e6 7. Bxc4 Nbd7 8. O-O
Be7 9. Qe2 Qc7 10. e4 Bg4 11. h3 Bxf3 12. Qxf3 O-O 13. Bf4 e5 14. dxe5 Nxe5 15.
Qe2 Bd6 16. Be3 Ng6 17. Rad1 Rfe8 18. Qc2 Be5 19. Bd4 Rad8 20. Bxe5 Qxe5 21.
Qb3 Qe7 22. Rfe1 Ne5 23. Bf1 Nh5 24. Rxd8 Rxd8 25. Rd1 Rxd1 26. Qxd1 g6 27. g3
Nf6 28. Qe2 Qc5 29. Kg2 a6 30. f4 Ned7 31. Kh2 b5 32. axb5 axb5 33. Bg2 b4 34.
Nd1 Nb6 35. e5 Nfd5 36. e6 Qd6 37. exf7+ Kxf7 38. Nf2 Nf6 39. Nd3 Kg7 40. Ne5
c5 41. b3 Nfd5 42. Qa6 Qc7 43. Qd3 Nc3 44. h4 Qe7 45. h5 Qe6 46. Qd8 Nbd5 47.
h6+ 1-0